 Dungeon Crawl Stone Soup version 0.29.0-4-gdea44cf6ec (webtiles) character file.

Game seed: 2895080669869372869

14 qw the Chopper (level 2, 0/17 HPs)
             Began as a Tengu Warper on Aug 28, 2022.
             Slain by a hobgoblin (4 damage)
             ... on level 1 of the Dungeon.
             The game lasted 00:00:02 (517 turns).

qw the Chopper (Tengu Warper)                        Turns: 517, Time: 00:00:02

Health: 0/17       AC:  3    Str: 11    XL:     2   Next: 45%
Magic:  6/6        EV: 11    Int: 13    God:
Gold:   12         SH:  0    Dex: 13    Spells: 5/5 levels left

rFire   . . .      SeeInvis .   a - +0 hand axe
rCold   . . .      Faith    .   (no shield)
rNeg    . . .      Spirit   .   b - +0 leather armour
rPois   .          Reflect  .   (helmet restricted)
rElec   .          Harm     .   (no cloak)
rCorr   .          Rampage  .   (no gloves)
Will    .....                   (boots unavailable)
Stlth   +.........              (no amulet)
HPRegen 0.05/turn               (no ring)
MPRegen 0.10/turn               (no ring)

@: no status effects
A: beak, talons 3
a: no special abilities


You were on level 1 of the Dungeon.
You visited 1 branch of the dungeon, and saw 1 of its levels.

You collected 12 gold pieces.


Innate Abilities, Weirdness & Mutations

You have a beak for a mouth.
You have claws for feet.


   Skills:
 - Level 2.0 Fighting
 + Level 3.3 Axes
 - Level 1.0 Throwing
 - Level 1.1 Armour
 - Level 2.1 Dodging
 - Level 2.0 Spellcasting
 - Level 2.4 Translocations


You had 5 spell levels left.
You didn't know any spells.
Your spell library contained the following spells:

 Spells                   Type           Power      Damage    Failure   Level
 Blink                    Tloc           14%        N/A       19%         2
 Gell's Gravitas          Tloc           7%         N/A       36%         3
 Lesser Beckoning         Tloc           7%         N/A       36%         3
 Teleport Other           Tloc           7%         N/A       36%         3
 Manifold Assault         Tloc           7%         N/A       98%         5

Inventory:

Hand Weapons
 a - a +0 hand axe (weapon)
 f - a +0 flail
Armour
 b - a +0 leather armour (worn)
Jewellery
 e - a ring of wizardry
Scrolls
 c - a scroll of blinking
 g - 2 scrolls of butterflies {unknown}
Potions
 d - a potion of mutation {unknown}
 h - a potion of attraction {unknown}

Dungeon Overview and Level Annotations

Branches:
Dungeon (1/15)

Altars:


Message History

You kill the rat!
Found 2 stones.
A giant cockroach comes into view.
Found 2 scrolls labelled FEEDWI VIAB.
You closely miss the giant cockroach. The giant cockroach misses you.
You hit the giant cockroach. You claw the giant cockroach.
You kill the giant cockroach!
You see here a giant cockroach corpse.
g - 2 scrolls labelled FEEDWI VIAB
h - a glowing grey potion You open the door.
There is an open door here.
There is an open door here.
A kobold comes into view. It is wielding a +0 short sword.
The kobold shouts!
Enter note: A hobgoblin comes into view.
The hobgoblin shouts!
You completely miss the kobold. You claw the kobold.
The kobold is heavily wounded.
The kobold hits you with a +0 short sword.
You hit the kobold but do no damage. You claw the kobold.
The kobold is severely wounded.
The kobold hits you with a +0 short sword.
You hit the kobold.
You kill the kobold!
You hit the hobgoblin.
The hobgoblin is moderately wounded.
The hobgoblin hits you.
You hit the hobgoblin. Your peck misses the hobgoblin.
The hobgoblin is severely wounded.
The hobgoblin hits you.
You hit the hobgoblin but do no damage. Your peck misses the hobgoblin.
The hobgoblin is severely wounded.
The hobgoblin closely misses you. The hobgoblin hits you.
You hit the hobgoblin but do no damage.
The hobgoblin is severely wounded.
The hobgoblin hits you.
You die...

..<...###
..........
#..
#...#8#8#8
...
8...8#######
#.#
#.#.##.....#
#.#
8.#.8#..#..#
#.#
#.#.##.###.#
#.#
8.#.8#.###.#
#g#
#.#.##..#..#
#@###
8...8#.....#
#...#
##'###.....#
###.#
...........#
#.#
........##.#
#.#
##########.#
#.#
#.#######.#
#.........#
###########


You could see a hobgoblin.

Vanquished Creatures
  A dart slug (D:1)
  2 ball pythons (D:1)
  2 giant cockroaches (D:1)
  2 hobgoblins (D:1)
  2 kobolds (D:1)
  A frilled lizard (D:1)
  A rat (D:1)
11 creatures vanquished.

Notes
Turn   | Place    | Note
-------+----------+-------------------------------------------
     0 | D:1      | qw the Tengu Warper began the quest for the Orb.
     0 | D:1      | Reached XP level 1. HP: 12/12 MP: 4/4
     0 | D:1      | 0 ||| qw: Version: 0.1-a-89-g26bdef1
     0 | D:1      | 0 ||| qw: Game counter: 2524
     0 | D:1      | 0 ||| qw: Always use a shield: true
     0 | D:1      | 0 ||| qw: God list: Okawaru
     0 | D:1      | 0 ||| qw: Allow faded altars: false
     0 | D:1      | 0 ||| qw: Do Orc after D:15 true
     0 | D:1      | 0 ||| qw: Do second Lair branch before Depths: true
     0 | D:1      | 0 ||| qw: Lair rune preference: random
     0 | D:1      | 0 ||| qw: Plans: Normal
     0 | D:1      | 0 ||| PLANNING D:1-11
     9 | D:1      | 9 ||| Stepping ~*~*~tactically~*~*~ (hiding).
    14 | D:1      | HP: 3/12 [dart slug (3)]
   325 | D:1      | Reached skill level 3 in Axes
   325 | D:1      | Reached XP level 2. HP: 14/17 MP: 6/6
   406 | D:1      | 406 ||| Stepping ~*~*~tactically~*~*~ (stealth).
   516 | D:1      | HP: 4/17 [hobgoblin (2)]
   517 | D:1      | Slain by a hobgoblin

Levels and vault maps discovered:
D:1:      heliophobic_arrival_ceremonial_halls, layout_loops_ring, serial_shops,
          nicolae_shop_hallway_plus, minmay_misc_feat_roman

Skill      XL: |  1 |
---------------+----+-----
Axes           | 3 |  3.3
Fighting       | |  2.0
Throwing       | |  1.0
Armour         | |  1.1
Dodging        | |  2.1
Spellcasting   | |  2.0
Translocations | |  2.4

Action                   || total
-------------------------++-------
Melee: Hand axe          ||    28
       Kick              ||     7
       Peck              ||     3
Throw: Boomerang         ||     7
 Stab: Distracted        ||     1
Dodge: Dodged            ||     9

Table legend:
 A = Non-vault XP
 B = Vault XP
 C = Vault XP percentage of total XP
 D = Non-vault monster count
 E = Vault monster count
 F = Vault count percentage of total count
                 A         B        C        D         E       F
            +---------+---------+-------+---------+---------+-------
      Total |      21 |       0 |   0.0 |      11 |       0 |   0.0
            +---------+---------+-------+---------+---------+-------
        D:1 |      21 |       0 |   0.0 |      11 |       0 |   0.0
            +---------+---------+-------+---------+---------+-------
